 Dungeon Crawl Stone Soup version 0.18-a0-1193-gb7aa92a (webtiles) character file.

68 RedPan the Insei (level 4, -5/32 HPs)
             Began as a Demonspawn Transmuter on Jan 29, 2016.
             Slain by an iron imp (6 damage)
             ... summoned by Natasha
             ... on level 3 of the Dungeon.
             The game lasted 00:05:19 (2410 turns).

RedPan the Insei (Demonspawn Transmuter)            Turns: 2410, Time: 00:05:19

Health: -5/32      AC:  6    Str: 11    XL:     4   Next: 1%
Magic:  7/7        EV: 12    Int: 15    God:
Gold:   45         SH:  0    Dex: 13    Spells: 1 memorised, 6 levels left

rFire  + . .     SeeInvis .       - Unarmed
rCold  + . .     Gourm    .     r - +0 animal skin (curse)
rNeg   . . .     Faith    .     (no shield)
rPois  +         Spirit   .     s - +0 helmet
rElec  +         Dismiss  .     l - +0 cloak
rCorr  +         Reflect  .     (no gloves)
SustAt .         Harm     .     (no boots)
MR     .....                    (no amulet)
Stlth  +.........               (no ring)
                                (no ring)

@: confused, resistant, very slightly contaminated, not resistant to hostile
enchantments, very unstealthy
A: large bone plates 1, powered by pain 1
a: no special abilities


You were on level 3 of the Dungeon.
You were hungry.

You visited 1 branch of the dungeon, and saw 3 of its levels.

You collected 45 gold pieces.

Inventory:

Missiles
 a - 34 arrows
Armour
 l - a +0 cloak (worn)
 r - a cursed +0 animal skin (worn)
 s - a +0 helmet (worn)
Jewellery
 o - an uncursed ring of fire
Scrolls
 e - 3 scrolls of identify
 g - a scroll of noise
 j - 2 scrolls of enchant weapon
 m - a scroll of teleportation
 p - a scroll of recharging
Potions
 h - a potion of cancellation
Books
 c - a book of Changes

   Spells                             Type                      Level
   a - Beastly Appendage              Transmutation                1
   b - Sticks to Snakes               Transmutation                2
   c - Spider Form                    Transmutation/Poison         3
   d - Ice Form                       Ice/Transmutation            4
   e - Blade Hands                    Transmutation                5
Comestibles
 d - 2 bread rations
 f - 2 beef jerkies
 q - 2 slices of pizza


   Skills:
 - Level 1.0 Fighting
 - Level 1.7 Dodging
 + Level 4.4 Unarmed Combat
 - Level 2.0 Spellcasting
 - Level 1.7 Transmutations


You had 6 spell levels left.
You knew the following spells:

 Your Spells              Type           Power        Failure   Level  Hunger
a - Beastly Appendage     Trmt           #.....       12%         1    #......


Dungeon Overview and Level Annotations

Branches:
Dungeon (3/15)

Altars:

Annotations:
D:3 Natasha


Innate Abilities, Weirdness & Mutations

You are partially covered in large bone plates (AC +2, SH +2).
You sometimes gain a little power by taking damage.


Message History

The bat hits you but does no damage. The kobold hits you but does no damage.
The bat barely misses you.
Natasha stares at you and mumbles some strange words.
The magic dart hits you!
You miss Natasha. The bat hits you but does no damage.
The kobold hits you but does no damage.
You bump into the rock wall.
Your talons disappear.
The bat misses you. Natasha barely misses you. The kobold closely misses you.
You barely miss Natasha. Natasha closely misses you.
The white imp gestures at you. The puff of frost hits you! You resist.
* * * LOW HITPOINT WARNING * * *
The kobold hits you but does no damage. The bat barely misses you.
The iron imp shouts, "Scamper hence, thou yeasty motley-minded whey-face!"
You bump into the rock wall.
The bat hits you but does no damage. Natasha claws you!
* * * LOW HITPOINT WARNING * * *
The kobold hits you but does no damage. The iron imp hits you.
You die...

#.# #..# #.. #<#
##.##.######
#<.........##
#............#
#..........#..
#...b........#
#####.Kh5........#
#.....5@.........#
#.#############..#
#.#


You could see an iron imp, Natasha, a white imp, a bat and a kobold.

Vanquished Creatures
  Robin (D:2)
  An adder (D:2)
  2 giant geckos
  2 bats
  A giant cockroach (D:1)
  8 goblins
  10 hobgoblins
  4 jackals (D:2)
  3 giant newts (D:1)
  6 kobolds
  3 rats
41 creatures vanquished.

Notes
Turn   | Place    | Note
--------------------------------------------------------------
     0 | D:1      | RedPan the Demonspawn Transmuter began the quest for the Orb.
     0 | D:1      | Reached XP level 1. HP: 15/15 MP: 3/3
   226 | D:1      | Reached skill level 3 in Unarmed Combat
   517 | D:1      | Gained mutation: You are partially covered in large bone plates (AC +2, SH +2). [demonic ancestry]
   517 | D:1      | Reached XP level 2. HP: 16/21 MP: 5/5
  1316 | D:2      | Reached XP level 3. HP: 17/26 MP: 6/6
  1577 | D:2      | Reached skill level 4 in Unarmed Combat
  1906 | D:2      | Noticed Robin
  1935 | D:2      | Killed Robin
  2336 | D:2      | Gained mutation: You sometimes gain a little power by taking damage. [demonic ancestry]
  2336 | D:2      | Reached XP level 4. HP: 28/32 MP: 7/7
  2392 | D:3      | Noticed Natasha
  2410 | D:3      | HP: 1/32 [Natasha (7)]
  2410 | D:3      | Slain by an iron imp

Vault maps used:
D:1:      onia_arrival_mini_maze
D:2:      uniq_robin
D:3:      nicolae_ru_awakened_eye, portal_sewer_entry_e, minmay_distorted,
          uniq_natasha, uniq_grinder

Action                   |  1- 3 |  4- 6 || total
-------------------------+-------+-------++-------
Melee: Unarmed           |   150 |     3 ||   153
 Cast: Beastly Appendage |       |     1 ||     1
  Use: Scroll            |     2 |     6 ||     8
       Potion            |       |     1 ||     1
 Stab: Sleeping          |     2 |       ||     2
  Eat: Chunk             |     4 |       ||     4
